 Dungeon Crawl Stone Soup version 0.31-a0-846-gb3bcc0d938 (webtiles) character file.

Game seed: 9403901658505421839

31929 Gargoyl the Cleaver (level 13, -2/84 HPs)
             Began as a Gargoyle Berserker on Oct 4, 2023.
             Was an Elder of Trog.
             Slain by an 18-headed hydra (11 damage)
             ... on level 3 of the Lair of Beasts.
             The game lasted 00:18:05 (14320 turns).

Gargoyl the Cleaver (Gargoyle Berserker)           Turns: 14320, Time: 00:18:06

Health: -2/84      AC: 28    Str: 22    XL:     13   Next: 61%
Magic:  13/13      EV: 10    Int:  8    God:    Trog [****..]
Gold:   1004       SH: 12    Dex: 19    Spells: 12/12 levels left

rFire   . . .        i - +3 scimitar (flame)
rCold   . . .        t - +0 kite shield
rNeg    + . .        k - +0 chain mail
rPois   ∞            z - +0 helmet
rElec   +            y - +1 cloak
rCorr   .            f - +2 pair of gloves
SInv    .            (no boots)
Will    .....        (no amulet) Stlth
                     g - ring of flight
HPRegen 0.34/turn    v - +6 ring of dexterity
MPRegen 0.13/turn

%: no passive effects
@: flying
A: sickness immunity, AC +9, negative energy resistance 1, electricity
resistance, torment resistance 1, petrification resistance
a: Renounce Religion, Berserk, Trog's Hand, Brothers in Arms


You were on level 3 of the Lair of Beasts.
You worshipped Trog.
Trog was greatly pleased with you.
You visited 2 branches of the dungeon, and saw 14 of its levels.
You also visited: Ossuary.

You collected 1004 gold pieces.

Inventory:

Hand Weapons
 e - a +2 broad axe of venom
 i - a +3 scimitar of flaming (weapon)
 j - a +2 flail of protection
 O - a +2 war axe
Missiles
 c - 20 poisoned darts (quivered)
 A - 4 curare-tipped darts
Armour
 f - a +2 pair of gloves (worn)
 k - a +0 chain mail (worn)
 t - a +0 kite shield (worn)
 y - a +1 cloak (worn)
 z - a +0 helmet (worn)
Jewellery
 g - a ring of flight (left hand)
 u - a ring of willpower
 v - a +6 ring of dexterity (right hand)
 C - an amulet of faith
 K - a +5 ring of evasion
 M - a ring of positive energy
Wands
 n - a wand of digging (8)
 p - a wand of polymorph (3)
 q - a wand of roots (26)
 w - a wand of flame (14)
 B - a wand of mindburst (20)
 L - a wand of paralysis (9)
Scrolls
 a - 2 scrolls of enchant weapon
 r - 2 scrolls of fog
 D - 4 scrolls of identify
 E - 2 scrolls of teleportation
 G - 2 scrolls of brand weapon
 J - 3 scrolls of revelation
Potions
 b - 6 potions of haste
 d - 4 potions of enlightenment
 h - 3 potions of lignification
 l - 5 potions of heal wounds
 m - 7 potions of curing
 o - 3 potions of resistance {unknown}
 s - 2 potions of might {unknown}
 x - 2 potions of mutation {unknown}
 F - a potion of attraction {unknown}
 H - a potion of brilliance {unknown}
 I - 3 potions of berserk rage {unknown}


   Skills:
 + Level 11.1 Fighting
 + Level 0.9 Long Blades
 + Level 14.9 Axes
 + Level 0.6 Throwing
 + Level 10.4 Armour
 + Level 4.7 Dodging
 + Level 2.1 Stealth
 + Level 8.2 Shields


You had 12 spell levels left.
You didn't know any spells.
Your spell library was empty.

Dungeon Overview and Level Annotations

Branches:
Dungeon (10/15)            Temple (0/1) D:7            Lair (4/5) D:10
  Swamp (0/4) Lair:2       Spider (0/4) Lair:3      Ossuary (visited)
  Slime: Lair:4-5       Orc: D:9-12

Altars:
Ashenzari
Dithmenos
Gozag
Makhleb
Ru
Vehumet
Yredelemnul

Shops:
D:9 (


Innate Abilities, Weirdness & Mutations

You are immune to sickness and miasma.
Your stone body is resilient. (AC +9)
You are immune to poison.
You resist negative energy. (rN+)
You are resistant to electric shocks. (rElec)
You are resistant to unholy torment.
You are immune to petrification.


Message History

The 18-headed hydra grows two more!
You hit the 20-headed hydra.
Your +2 broad axe of venom stops dripping with poison.
Your +3 scimitar of flaming bursts into flame!
i - a +3 scimitar of flaming (weapon)
The helpless 20-headed hydra fails to defend itself.
You chop one of the 20-headed hydra's heads off!
The flame cauterises the wound!
You slash the 19-headed hydra! You burn the 19-headed hydra.
The 19-headed hydra is lightly wounded.
Unknown command.
The helpless 19-headed hydra fails to defend itself.
You slice one of the 19-headed hydra's heads off!
The flame cauterises the wound!
You slash the 18-headed hydra! You burn the 18-headed hydra.
The 18-headed hydra is lightly wounded.
The 18-headed hydra is no longer petrified.
The 18-headed hydra bites you but does no damage.
You block the 18-headed hydra's attack.
The 18-headed hydra bites you but does no damage.
You block the 18-headed hydra's attack. The 18-headed hydra bites you.
The 18-headed hydra bites you but does no damage. x2
You block the 18-headed hydra's attack.
The 18-headed hydra bites you but does no damage.
The 18-headed hydra closely misses you.
The 18-headed hydra bites you but does no damage.
You block the 18-headed hydra's attack. The 18-headed hydra bites you.
The 18-headed hydra bites you but does no damage.
The 18-headed hydra barely misses you. The 18-headed hydra misses you.
The 18-headed hydra bites you. The 18-headed hydra closely misses you.
The 18-headed hydra bites you!
The 18-headed hydra bites you but does no damage.
The 18-headed hydra bites you!
The 18-headed hydra bites you but does no damage.
The 18-headed hydra bites you!
* * * LOW HITPOINT WARNING * * *
The 18-headed hydra barely misses you. The 18-headed hydra bites you!
* * * LOW HITPOINT WARNING * * *
The 18-headed hydra bites you but does no damage.
The 18-headed hydra bites you!
You die...

#####.[.###...##................#
##.#.............................
#................................
...#..........................#..
..#.~........................##..
.............................##.#
..~.~........................P#.#
....~.........................#.#
#.~~............@.............#.#
#...............D.............#.#
.............................##.#
................#.####...#.##.#..
##..............#.P..##..#..#.#.#
≈##........................†..#.#
≈##...........................#..
≈##...........................†..
##...............................


You could see a 18-headed hydra (poisoned).

Vanquished Creatures
  A hydra (Lair:2)
  Erolcha (D:9)
  A catoblepas (Lair:3)
  A boulder beetle (Lair:1)
  4 death yaks (Lair:1)
  Erica (D:8)
  2 two-headed ogres
  2 skysharks
  2 bog bodies (Lair:2)
  A black mamba (Lair:1)
  9 cane toads
  A gargoyle (D:10)
  2 rime drakes
  6 komodo dragons
  2 burning bushes (Lair:2)
  2 polar bears
  A hornet (D:10)
  Grinder (D:3)
  15 blink frogs
  3 jumping spiders (Lair:3)
  30 yaks
  2 vampires
  4 wyverns
  A basilisk (Lair:2)
  A redback (Lair:3)
  Edmund (D:6)
  6 water moccasins
  An acid dragon (D:9)
  An ice beast (D:7)
  2 sky beasts (D:6)
  4 orc warriors
  8 black bears
  10 wolves
  5 centaurs
  2 ogres (D:7)
  2 phantoms
  2 kobold brigands
  13 bullfrogs
  6 scorpions
  17 wights
  4 killer bees (D:9)
  5 howler monkeys
  2 gnoll boudas
  A hound (D:6)
  3 sleepcaps
  8 orc priests
  4 iguanas
  Natasha (twice) (D:4)
  12 orc wizards
  8 mummies (Ossuary)
  16 gnolls
  6 adders
  3 shadow imps
  4 worms
  A dart slug (D:2)
  42 orcs
  5 endoplasms
  A giant cockroach (D:2)
  7 goblins
  8 hobgoblins
  3 quokkas
  4 ball pythons
  6 bats
  7 frilled lizards
  2 gnoll zombies (Ossuary)
  A goblin zombie (D:8)
  2 hobgoblin zombies (Ossuary)
  26 kobolds
  A kobold zombie (Ossuary)
  3 orc zombies (Ossuary)
  3 rats
  A rat zombie (D:8)
377 creatures vanquished.

Vanquished Creatures (collateral kills)
  A death yak (Lair:1)
1 creature vanquished.

Vanquished Creatures (others)
  A blink frog (Lair:3)
  An endoplasm (D:2)
2 creatures vanquished.

Grand Total: 380 creatures vanquished

Notes
Turn   | Place    | Note
-------+----------+-------------------------------------------
     0 | D:1      | Gargoyl the Gargoyle Berserker began the quest for the Orb.
     0 | D:1      | Reached XP level 1. HP: 14/14 MP: 1/1
   399 | D:1      | Found a faded altar of an unknown god.
  1090 | D:1      | Reached XP level 2. HP: 19/19 MP: 2/2
  1427 | D:2      | Reached skill level 3 in Axes
  1483 | D:2      | Reached XP level 3. HP: 24/24 MP: 3/3
  1714 | D:2      | Reached XP level 4. HP: 28/29 MP: 4/4
  2191 | D:3      | Reached ** piety under Trog
  2382 | D:3      | Reached skill level 4 in Axes
  2382 | D:3      | Reached XP level 5. HP: 33/33 MP: 5/5
  2530 | D:3      | Noticed Grinder
  2556 | D:3      | Paralysed by Grinder for 4 turns
  2573 | D:3      | Paralysed by Grinder for 5 turns
  2577 | D:3      | Killed Grinder
  2578 | D:3      | Reached skill level 5 in Axes
  2578 | D:3      | Reached XP level 6. HP: 31/39 MP: 6/6
  3215 | D:4      | Reached XP level 7. HP: 43/44 MP: 7/7
  3293 | D:4      | Noticed Natasha
  3300 | D:4      | Killed Natasha
  3674 | D:4      | Noticed Natasha
  3677 | D:4      | Killed Natasha
  3678 | D:4      | Reached skill level 1 in Stealth
  3797 | D:5      | Entered Level 5 of the Dungeon
  3959 | D:5      | Reached skill level 6 in Axes
  3959 | D:5      | Reached skill level 1 in Shields
  4058 | D:5      | Reached skill level 5 in Fighting
  4150 | D:5      | Reached XP level 8. HP: 49/49 MP: 8/8
  4275 | D:5      | Reached *** piety under Trog
  4563 | D:6      | Noticed Edmund
  4577 | D:6      | Killed Edmund
  4578 | D:6      | Reached skill level 7 in Axes
  4578 | D:6      | Reached skill level 5 in Armour
  5020 | D:6      | Reached XP level 9. HP: 55/55 MP: 9/9
  5024 | D:6      | Reached skill level 8 in Axes
  5442 | D:7      | Reached skill level 9 in Axes
  5931 | D:7      | Found a staircase to the Ecumenical Temple.
  5939 | D:7      | Reached XP level 10. HP: 38/63 MP: 10/10
  6225 | D:8      | Found a radiant altar of Vehumet.
  6238 | D:8      | Noticed Erica
  6402 | D:8      | Reached skill level 10 in Axes
  6408 | D:8      | Killed Erica
  6554 | D:8      | Found an opulent altar of Gozag.
  6558 | D:8      | Found a shadowy altar of Dithmenos.
  6558 | D:8      | Found a sacrificial altar of Ru.
  6558 | D:8      | Found a burning altar of Makhleb.
  6566 | D:8      | Found a broken altar of Ashenzari.
  6571 | D:8      | Found a basalt altar of Yredelemnul.
  6697 | D:8      | Found a sand-covered staircase.
  6705 | Ossuary  | Entered an ossuary
  6713 | Ossuary  | Reached **** piety under Trog
  7028 | D:8      | Noticed a two-headed ogre
  7037 | D:8      | Killed a two-headed ogre
  7176 | D:8      | Identified the +0 ring mail "Efucoixu" {Will+}
  7301 | D:9      | Noticed Erolcha
  7429 | D:9      | Killed Erolcha
  7430 | D:9      | Reached skill level 11 in Axes
  7844 | D:9      | Found Puakhluru's Antique Weapon Shop.
  7906 | D:9      | Reached XP level 11. HP: 55/69 MP: 11/11
  8643 | D:9      | Reached skill level 5 in Shields
  8744 | D:10     | Entered Level 10 of the Dungeon
  8745 | D:10     | Noticed a two-headed ogre
  8758 | D:10     | Killed a two-headed ogre
  9115 | D:10     | Reached skill level 12 in Axes
  9300 | D:10     | Found a staircase to the Lair.
  9802 | Lair:1   | Entered Level 1 of the Lair of Beasts
  9816 | Lair:1   | Noticed a boulder beetle
  9901 | Lair:1   | Killed a boulder beetle
 10132 | D:10     | Reached XP level 12. HP: 46/76 MP: 12/12
 10283 | Lair:1   | Reached skill level 13 in Axes
 10450 | Lair:1   | Noticed a death yak
 10463 | Lair:1   | Killed a death yak
 10464 | Lair:1   | Reached skill level 10 in Fighting
 10523 | Lair:1   | Noticed a death yak
 10527 | Lair:1   | Noticed a death yak
 10527 | Lair:1   | Noticed a death yak
 10527 | Lair:1   | Noticed a death yak
 10528 | Lair:1   | Noticed a death yak
 10528 | Lair:1   | Noticed a death yak
 10531 | Lair:1   | Noticed a death yak
 10537 | Lair:1   | Killed a death yak
 10545 | Lair:1   | Killed a death yak
 10729 | Lair:1   | Killed a death yak
 10732 | Lair:1   | Killed a death yak
 11345 | Lair:2   | Reached skill level 14 in Axes
 11682 | Lair:2   | Noticed a skyshark
 11701 | Lair:2   | Killed a skyshark
 11706 | Lair:2   | Reached XP level 13. HP: 47/83 MP: 13/13
 12164 | Lair:2   | Found a staircase to the Swamp.
 12667 | Lair:2   | Reached skill level 10 in Armour
 12775 | Lair:2   | Identified the +7 quarterstaff "Cummi" {flame, Str+8}
 13591 | Lair:3   | Found a hole to the Spider Nest.
 14320 | Lair:3   | Slain by an 18-headed hydra

Illustrated notes

Levels and vault maps discovered:
D:1:      mainiacjoe_arrival_reflecting_pool, layout_basic,
          shapermc_ecumenical_altar_totnotflames
D:2:      cheibrodos_old_hovel, layout_basic, serial_glass, glass_columns_c,
          glass_columns_c, glass_columns_a, glass_columns_a, glass_columns_a,
          glass_columns_a, glass_columns_a, glass_columns_b, glass_columns_a,
          glass_columns_a, amcnicky_mini_rare_corridor_liquid,
          lexackson_kobold_supper
D:3:      layout_basic, serial_glass, glass_columns_b, glass_columns_a,
          minmay_strange_pillars, feat_on_display, feat_on_display,
          hangedman_feature_mirror, interstate_on_off, uniq_grinder
D:4:      layout_loops_corners, uniq_natasha
D:5:      corexii_shack_village, layout_cave_pools
D:6:      layout_layer_cave, grunt_ministairs_2, uniq_edmund
D:7:      layout_loops_ring, minmay_temple_entry_enclosed_plants,
          nicolae_sextant
D:8:      layout_loops_ring, mainiacjoe_overflow_concentric_impassable,
          minmay_overflow_temple_hex, enter_ossuary_4, chequers_garden,
          uniq_erica
D:9:      layout_stronghold, serial_shops, nicolae_shop_statue_plus,
          kennysheep_generic_room_15, uniq_erolcha
D:10:     layout_loops_cross, grunt_lair_entry_orc_guard_hut,
          grunt_ministairs_15, minivault_11
Lair:1:   layout_loops_ring
Lair:2:   nzn_winding_woodlands_cross [nzn_winding_woodlands_5x15_garden,
          nzn_winding_woodlands_5x15_longhouse,
          nzn_winding_woodlands_5x15_cabin, nzn_winding_woodlands_5x15_pockets,
          nzn_winding_woodlands_15x15_boxy_spiral], layout_loops_ring,
          skrybe_swamp_entry_bodies, evilmike_ambush
          [evilmike_ambush_outer_pillars, evilmike_ambush_inner_basic],
          lemuel_fruit_fields, serial_bayou_shore_a
Lair:3:   layout_gridlike, spider_nest_entry_a, chequers_serial_rivers_micro_c,
          minmay_holes, beast_lair_carwin_8
Lair:4:   layout_layer_cave, dpeg_slime_entry_enclosed, portal_ice_cave_rime,
          nicolae_lair_lakeside_cave, grunt_megastairs_2, uniq_nessos

Skill      XL: |  1  2  3  4  5  6  7  8  9 10 11 12 13 |
---------------+----------------------------------------+-----
Axes           | 3 4 5 6 7 9 11 12 14 | 14.9
Dodging        | 2 3 4 |  4.7
Fighting       | 4 5 6 7 8 9 10 11 | 11.1
Armour         | 3 4 5 6 7 8 9 10 | 10.4
Stealth        | 1 2 |  2.1
Shields        | 1 2 3 4 6 7 8 |  8.2
Long Blades    | |  0.9
Throwing       | |  0.6

Action                     |  1- 3 |  4- 6 |  7- 9 | 10-12 | 13-15 || total
---------------------------+-------+-------+-------+-------+-------++-------
  Melee: Hand axe          |     8 |       |       |       |       ||     8
         Broad axe         |    58 |   130 |   293 |   584 |   159 ||  1224
         Scimitar          |       |       |       |       |    11 ||    11
  Throw: Dart              |       |     1 |       |     5 |       ||     6
 Invoke: Berserk           |     2 |     5 |     8 |    13 |     2 ||    30
         Trog's Hand       |       |     2 |     6 |    12 |     2 ||    22
         Brothers in Arms  |       |       |       |     1 |     1 ||     2
    Use: Scroll            |       |     8 |     8 |     9 |     1 ||    26
         Potion            |       |     1 |       |     3 |       ||     4
   Stab: Sleeping          |     1 |       |       |       |       ||     1
         Petrified         |       |       |       |       |    10 ||    10
         Petrifying        |       |       |       |       |     2 ||     2
 Armour: Animal skin       |    13 |       |       |       |       ||    13
         Ring mail         |    47 |    42 |       |       |       ||    89
         Chain mail        |       |    59 |   278 |   514 |   204 ||  1055
  Dodge: Dodged            |    55 |    69 |    98 |   233 |    88 ||   543
  Block: Buckler           |     9 |    20 |    12 |       |       ||    41
         Kite shield       |       |       |   126 |   302 |   105 ||   533

Table legend: (Time is in decaauts)
 A = Elapsed time spent in this place.
 B = Non-inter-level travel time spent in this place.
 C = Inter-level travel time spent in this place.
 D = Time resting spent in this place.
 E = Time spent auto-exploring this place.
 F = Levels seen in this place.
 G = Mean time per level.
                   A        B        C        D        E       F      G
               +--------+--------+--------+--------+--------+-----+--------+
         Total |  14856 |  14319 |    537 |   1658 |   9227 |  15 |  990.4 |
       Dungeon |  10353 |   9879 |    474 |    811 |   6618 |  10 | 1035.3 |
          Lair |   4245 |   4182 |     63 |    847 |   2442 |   4 | 1061.2 |
       Ossuary |    257 |    257 |      0 |      0 |    167 |   1 |  257.0 |
               +--------+--------+--------+--------+--------+-----+--------+

Top non-repeatable levels by time:
  Lair:2: 1846 daAuts
    D:10: 1421 daAuts
     D:9: 1412 daAuts
     D:1: 1363 daAuts
  Lair:3: 1199 daAuts
  Lair:1: 1193 daAuts
     D:8: 1085 daAuts
     D:4: 1068 daAuts
     D:7: 1004 daAuts
     D:2: 875 daAuts
     D:6: 760 daAuts
     D:5: 709 daAuts
     D:3: 651 daAuts
 Ossuary: 257 daAuts
  Lair:4: 5 daAuts
